 Dungeon Crawl Stone Soup version 0.20-a0-1122-gb7cbeb9 (webtiles) character file.

25186 anfisbena the Grappler (level 12, 0/126 HPs)
             Began as a Troll Fighter on May 14, 2017.
             Was a High Priest of Qazlal.
             Slain by a hell hound (8 damage)
             ... in a volcano.
             The game lasted 00:25:12 (12343 turns).

anfisbena the Grappler (Troll Fighter)             Turns: 12343, Time: 00:25:13

Health: 0/126      AC:  5    Str: 36    XL:     12   Next: 87%
Magic:  11/11      EV:  9    Int:  6    God:    Qazlal [*****.]
Gold:   792        SH: 26    Dex: 15    Spells: 11/11 levels left

rFire    + + .     SeeInvis .     - Unarmed
rCold    . . .     Gourm    +   T - +0 large shield
rNeg     + . .     Faith    .   I - +0 robe of the Tired Seas {rF+ Str+2}
rPois    +         Spirit   .   (helmet restricted)
rElec    +         Reflect  .   (no cloak)
rCorr    .         Harm     .   (gloves unavailable)
MR       ++...                  (boots unavailable)
Stlth    +.........             t - amulet of regeneration
Regen    1.2/turn               j - ring "Buonnas" {rElec rN+ MR+ Str+2 Dex+2}
MPRegen  0.2/turn               x - ring of poison resistance

@: mighty, marked, protected from fire, repel missiles
A: unfitting armour, claws 3, clever 1, fast metabolism 3, gourmand, magic
resistance 1, mutation resistance 1, regeneration 1, shaggy fur 1, tough skin 2,
wild magic 1
a: Upheaval, Elemental Force, Disaster Area, Renounce Religion


You were in a volcano.
You worshipped Qazlal.
Qazlal was extremely pleased with you.
You were not hungry.

You visited 3 branches of the dungeon, and saw 15 of its levels.
You also visited: Ossuary, Ice Cave and Volcano.

You collected 792 gold pieces.

Inventory:

Hand Weapons
 b - a +0 blowgun
Missiles
 C - 12 large rocks (quivered)
 K - 54 poisoned needles
Armour
 e - a +2 cloak of fire resistance
 I - the +0 robe of the Tired Seas (worn) {rF+ Str+2}
   (You found it on level 5 of the Dungeon)

   It affects your strength (+2).
   It protects you from fire.
 T - a +0 large shield (worn)
Jewellery
 j - the ring "Buonnas" (left claw) {rElec rN+ MR+ Str+2 Dex+2}
   (You found it on level 7 of the Dungeon)

   [ring of dexterity]

   It affects your strength (+2).
   It affects your dexterity (+2).
   It insulates you from electricity.
   It protects you from negative energy.
   It affects your resistance to hostile enchantments.
 t - an amulet of regeneration (around neck)
 x - a ring of poison resistance (right claw)
Scrolls
 i - 4 scrolls of enchant armour
 k - 12 scrolls of teleportation
 m - 3 scrolls of identify
 n - a scroll of fog
 r - a scroll of recharging
 s - 8 scrolls of immolation
 u - a scroll of magic mapping
 w - a scroll of blinking
 y - a scroll of fear
 F - 6 scrolls of remove curse
 G - 3 scrolls of silence
 M - a scroll of vulnerability {unknown}
 O - a scroll of acquirement {unknown}
Potions
 a - 2 potions of flight {unknown}
 c - 3 potions of might
 g - 4 potions of brilliance
 h - 2 potions of lignification
 q - 2 potions of cancellation
 v - 7 potions of curing
 z - a potion of invisibility
 A - a potion of agility {unknown}
 D - 3 potions of heal wounds
 E - a potion of resistance {unknown}
 L - a potion of haste {unknown}
Comestibles
 d - 15 bread rations
 f - 7 royal jellies
 o - 7 fruits
 p - 2 meat rations


   Skills:
 - Level 10.0 Fighting
 + Level 3.0 Throwing
 - Level 2.4 Dodging
 - Level 9.0 Shields
 + Level 14.9 Unarmed Combat


You had 11 spell levels left.
You didn't know any spells.

Dungeon Overview and Level Annotations

Branches:
Dungeon (11/15)            Temple (1/1) D:7            Lair (3/6) D:11
 Shoals (0/4) Lair:3          Orc (0/2) D:9
  Snake: Lair:2-4    Spider: Lair:2-4

Altars:
Ashenzari
Cheibriados
Dithmenos
Elyvilon
Fedhas
Gozag
Hepliaklqana
Kikubaaqudgha
Makhleb
Nemelex Xobeh
Okawaru
Qazlal
Ru
Sif Muna
Trog
Uskayaw
Vehumet
Wu Jian
Xom
Yredelemnul
Zin
The Shining One

Annotations:
D:3 1 runed door


Innate Abilities, Weirdness & Mutations

You are too large for most types of armour.
You have claws for hands.
Your metabolism is lightning-fast.
You like to eat raw meat.
Your natural rate of healing is unusually fast.
You are covered in fur. (AC +1)
You have very tough skin. (AC +2)
Your mind is acute. (Int +2)
You are resistant to hostile enchantments. (MR+)
You are somewhat resistant to further mutation.
Your spells are a little harder to cast, but a little more powerful.


Message History

* * * LOW HITPOINT WARNING * * *
You block the hell hound's attack.
You mangle the two-headed ogre!!
The two-headed ogre is severely wounded.
You block the centaur's attack. The hell hound barely misses you.
You block the two-headed ogre's attack. The two-headed ogre closely misses you.
You block the hell hound's attack. The centaur hits you!
* * * LOW HITPOINT WARNING * * *
You claw the two-headed ogre!
The two-headed ogre is almost dead.
You block the hell hound's attack. x2; You block the centaur's attack.
The two-headed ogre barely misses you. The two-headed ogre closely misses you.
The hell hound closely misses you.
You claw the two-headed ogre!
You kill the two-headed ogre!
Qazlal accepts your kill.
Your Throwing skill increases to level 3!
You block the hell hound's attack. You block the centaur's attack.
The hell hound bites you!
You die...

O≈≈≈≈≈≈
##.≈≈≈≈≈≈≈
.h≈≈≈≈≈≈≈
..≈.≈≈≈≈≈
####...≈≈≈≈≈≈
##.h##.≈.≈≈≈≈≈
#(@c.#.≈≈≈≈≈≈≈
#§h)§')≈≈≈≈≈≈≈ §
#.$..#.≈≈≈≈≈≈≈
≈≈.##$.##.).≈≈≈≈≈
≈≈..####(.≈≈≈≈≈≈≈
§.........≈≈≈≈≈≈≈
§≈.........≈≈≈≈≈≈
≈§######.#≈≈≈≈≈≈≈
##..'##≈≈≈≈≈≈≈


You could see 2 hell hounds and a centaur.

Vanquished Creatures
  Josephine (D:10)
  2 two-headed ogres
  Nergalle (D:10)
  An unseen horror (D:11)
  Pikel (D:9)
  A necromancer (IceCv)
  2 salamanders (Volcano)
  A cyclops (D:11)
  2 black mambas (Lair:1)
  Psyche (D:8)
  An ice statue (IceCv)
  3 spiny frogs (Lair:2)
  A gargoyle (D:10)
  10 freezing wraiths (IceCv)
  A kobold demonologist (D:11)
  A polar bear (Lair:2)
  A troll (D:10)
  3 blink frogs (Lair:2)
  A hornet (D:11)
  5 hippogriffs
  A spriggan (D:8)
  4 wraiths (D:10)
  A basilisk (Lair:2)
  11 yaks
  2 fire bats (Lair:3)
  A steam dragon (D:11)
  A vampire mosquito (D:11)
  9 swamp worms (Lair:1)
  A warg (D:9)
  A water moccasin (Lair:1)
  Menkaure (D:4)
  2 hell hounds (Volcano)
  5 porcupines
  8 orc warriors
  2 sky beasts
  10 ice beasts
  3 phantoms
  A slave (D:9)
  2 black bears (D:11)
  A necrophage (D:8)
  12 centaurs
  6 ogres
  3 crocodiles
  2 big kobolds
  2 bullfrogs
  2 scorpions
  7 killer bees
  4 wights (D:8)
  A swamp dragon simulacrum (IceCv)
  A howler monkey (D:4)
  An electric eel (D:7)
  4 draconian simulacra (IceCv)
  4 bullfrog zombies
  7 crimson imps
  4 centaur zombies
  3 jellies
  11 orc wizards
  7 orc priests
  3 hounds
  3 iguanas
  2 bullfrog skeletons
  6 troll simulacra (IceCv)
  7 worker ants
  A polar bear simulacrum (IceCv)
  2 wolf simulacra (IceCv)
  3 killer bee zombies
  3 centaur simulacra (IceCv)
  6 hound zombies
  12 mummies
  2 howler monkey zombies
  6 worker ant zombies
  4 gnolls (D:2)
  3 ogre simulacra (IceCv)
  14 adders
  4 naga simulacra (IceCv)
  A shadow imp (D:6)
  24 white imps
  4 adder zombies
  4 oozes
  2 adder skeletons
  14 worms
  4 dart slugs
  5 leopard geckos
  45 orcs
  10 bats
  5 giant cockroaches
  2 gnoll zombies (D:5)
  4 hobgoblins
  3 jackals (D:10)
  A quokka (D:3)
  2 ball pythons
  A frilled lizard (D:1)
  12 goblins
  A goblin zombie (D:4)
  A jackal zombie (D:9)
  20 kobolds
  A kobold zombie (D:4)
  A leopard gecko skeleton (D:5)
  2 leopard gecko zombies (Ossuary)
  2 quokka zombies (Ossuary)
  14 rats
454 creatures vanquished.

Vanquished Creatures (others)
  A yak (D:11)
  4 fungi (D:11)
  3 plants
8 creatures vanquished.

Grand Total: 462 creatures vanquished

Notes
Turn   | Place    | Note
-------+----------+-------------------------------------------
     0 | D:1      | anfisbena the Troll Fighter began the quest for the Orb.
     0 | D:1      | Reached XP level 1. HP: 22/22 MP: 0/0
   256 | D:1      | Reached XP level 2. HP: 29/29 MP: 1/1
   706 | D:2      | Reached skill level 3 in Unarmed Combat
   706 | D:2      | Reached XP level 3. HP: 36/36 MP: 2/2
   885 | D:2      | Reached XP level 4. HP: 45/45 MP: 3/3
  2141 | D:3      | Found a glowing silver altar of Zin.
  2141 | D:3      | Noticed an angel
  2142 | D:3      | Found a runed door.
  2310 | D:3      | Reached XP level 5. HP: 54/54 MP: 4/4
  2313 | D:3      | Reached skill level 4 in Unarmed Combat
  2449 | D:4      | Noticed an ogre
  2455 | D:4      | Killed an ogre
  2511 | D:4      | Found a sand-covered staircase.
  2519 | Ossuary  | Entered an ossuary
  2533 | Ossuary  | Reached XP level 6. HP: 58/63 MP: 5/5
  2565 | Ossuary  | Reached skill level 5 in Unarmed Combat
  2711 | Ossuary  | Reached skill level 5 in Fighting
  2725 | Ossuary  | Reached XP level 7. HP: 69/72 MP: 6/6
  2805 | Ossuary  | Reached skill level 6 in Unarmed Combat
  3169 | D:4      | Noticed Menkaure
  3179 | D:4      | Killed Menkaure
  3179 | D:4      | Reached skill level 7 in Unarmed Combat
  3179 | D:4      | Reached XP level 8. HP: 23/83 MP: 7/7
  3289 | D:4      | Found a sparkling altar of Nemelex Xobeh.
  3525 | D:5      | Entered Level 5 of the Dungeon
  3723 | D:5      | Found a sparkling altar of Nemelex Xobeh.
  4073 | D:5      | Got a silken robe
  4084 | D:5      | Identified the cursed +0 robe of the Tired Seas {rF+ Str+2} (You found it on level 5 of the Dungeon)
  4140 | D:5      | Found a basalt altar of Yredelemnul.
  4300 | D:6      | Found a bloodstained altar of Trog.
  4300 | D:6      | Found a sacrificial altar of Ru.
  4538 | D:6      | Reached skill level 8 in Unarmed Combat
  4907 | D:7      | Reached XP level 9. HP: 75/93 MP: 8/8
  5370 | D:7      | Found a staircase to the Ecumenical Temple.
  5414 | Temple   | Entered the Ecumenical Temple
  5434 | Temple   | Became a worshipper of Qazlal Stormbringer
  5659 | D:7      | Got a scintillating ivory ring
  5689 | D:7      | Reached skill level 9 in Unarmed Combat
  5740 | D:7      | Identified the ring "Buonnas" {rElec rN+ MR+ Str+2 Dex+2} (You found it on level 7 of the Dungeon)
  6210 | D:8      | Reached * piety under Qazlal
  6492 | D:8      | Reached skill level 10 in Unarmed Combat
  6787 | D:8      | Noticed Psyche
  6792 | D:8      | Killed Psyche
  6792 | D:8      | Reached XP level 10. HP: 107/107 MP: 9/9
  7029 | D:8      | Found a snail-covered altar of Cheibriados.
  7112 | D:8      | Noticed a moth of wrath
  7115 | D:8      | Found a bloodstained altar of Trog.
  7299 | D:9      | Found a staircase to the Orcish Mines.
  7328 | D:9      | Reached ** piety under Qazlal
  7450 | D:9      | Reached skill level 11 in Unarmed Combat
  7603 | D:9      | Found a glowing golden altar of the Shining One.
  7614 | D:9      | Noticed Pikel
  7632 | D:9      | Killed Pikel
  7632 | D:9      | Reached skill level 10 in Fighting
  7865 | D:9      | Noticed a two-headed ogre
  7891 | D:9      | Killed a two-headed ogre
  8106 | D:10     | Entered Level 10 of the Dungeon
  8207 | D:10     | Reached *** piety under Qazlal
  8263 | D:10     | Noticed Josephine
  8298 | D:10     | Killed Josephine
  8298 | D:10     | Reached skill level 12 in Unarmed Combat
  8298 | D:10     | Reached XP level 11. HP: 57/117 MP: 10/10
  8437 | D:10     | Reached skill level 5 in Shields
  8609 | D:10     | Noticed Nergalle
  8619 | D:10     | Killed Nergalle
  8979 | D:11     | Reached **** piety under Qazlal
  9081 | D:11     | Reached skill level 13 in Unarmed Combat
  9121 | D:11     | Gained mutation: You are resistant to hostile enchantments. (MR+) [mutagenic meat]
  9122 | D:11     | Gained mutation: Your spells are a little harder to cast, but a little more powerful. [mutagenic meat]
  9123 | D:11     | Gained mutation: Your mind is acute. (Int +2) [mutagenic meat]
  9124 | D:11     | Gained mutation: You are somewhat resistant to further mutation. [mutagenic meat]
  9373 | D:11     | Killed an unseen horror
  9494 | D:11     | Reached ***** piety under Qazlal
  9593 | D:11     | Found a staircase to the Lair.
  9762 | Lair:1   | Entered Level 1 of the Lair of Beasts
 10018 | Lair:1   | Reached XP level 12. HP: 105/126 MP: 11/11
 10893 | Lair:2   | Found a frozen archway.
 10906 | Lair:2   | Reached skill level 14 in Unarmed Combat
 10916 | IceCv    | Entered an ice cave
 11494 | IceCv    | Found an ancient bone altar of Kikubaaqudgha.
 11926 | Lair:2   | Reached skill level 1 in Throwing
 12276 | Lair:3   | Noticed a four-headed hydra
 12293 | Lair:3   | Found a dark tunnel.
 12303 | Volcano  | Entered a volcano
 12325 | Volcano  | Noticed a two-headed ogre
 12341 | Volcano  | HP: 6/126 [centaur (7)]
 12343 | Volcano  | Killed a two-headed ogre
 12343 | Volcano  | Slain by a hell hound

Vault maps used:
D:1:      lightli_arrival_lavapool
D:2:      serial_co_window_serial, co_window_corner_a, co_window_corner_a,
          co_window_paths_a, co_window_paths_a, co_window_corner_a,
          co_window_of_opportunity_a, co_window_paths_a, co_window_2corner,
          co_window_of_opportunity_b, co_window_broadway_a, co_window_2corner,
          co_window_of_opportunity_c, co_window_corner_b, co_window_4corner_a,
          first_bread
D:3:      lemuel_angel_altar
D:4:      kennysheep_the_goblin_king, lemuel_crystal_altar,
          nicolae_ossuary_entry_giza, uniq_menkaure
D:5:      lemuel_zombie_altar_yredelemnul, nemelex_xobeh_ov_fountains_minmay
D:6:      gammafunk_temple_overflow_wave
D:7:      cheibrodos_helix_gallery, temple_fountains
D:8:      marbit_many_paths, the_bakery, tgw_trog, uniq_psyche
D:9:      old_standard_altar, david_orc_3, uniq_pikel
D:10:     patterned_corridor, uniq_josephine, uniq_nergalle
D:11:     grunt_lair_entry_orc_guard_hut, grunt_decor_one_mirror,
          kennysheep_generic_room_7
Temple:   eino_temple_scatter_basement
Lair:1:   worms_lemuel
Lair:2:   portal_ice_cave_entry_imps
Lair:3:   elwin_shoals_entry_rocks, nicolae_volcano_entry_batcave,
          minmay_hedge_maze
Ossuary:  ossuary_zaba_flooded
IceCv:    ice_cave_small_necro
Volcano:  volcano_village

Skill      XL: |  1  2  3  4  5  6  7  8  9 10 11 12 |
---------------+-------------------------------------+-----
Unarmed Combat | 3 4 5 7 8 10 12 13 14 | 14.9
Fighting       | 3 4 5 6 7 9 10 | 10.0
Shields        | 4 7 9 |  9.0
Throwing       | 3 |  3.0
Dodging        | |  2.4

Action                   |  1- 3 |  4- 6 |  7- 9 | 10-12 || total
-------------------------+-------+-------+-------+-------++-------
Melee: Unarmed           |    60 |   152 |   345 |   774 ||  1331
  Use: Scroll            |       |       |    23 |     1 ||    24
       Potion            |       |       |       |     2 ||     2
 Stab: Sleeping          |       |     2 |       |       ||     2
  Eat: Chunk             |    13 |    16 |    39 |    45 ||   113
       Fruit             |       |       |       |     3 ||     3
Armor: Robe              |    32 |    24 |    62 |   106 ||   224
Dodge: Dodged            |    21 |    34 |    95 |   169 ||   319
       Deflected         |       |       |       |     8 ||     8
Block: Shield            |    41 |    40 |   125 |   348 ||   554
       Large shield      |       |       |       |   311 ||   311
